 Dungeon Crawl Stone Soup version 0.31.0-11-ge490571c62 (webtiles) character file.

Game seed: 1756997827398743937

100 SigmundSlayer the Chopper (level 4, 0/35 HPs)
             Began as a Demonspawn Berserker on Feb 2, 2024.
             Was a Follower of Trog.
             Slain by Grinder (1 damage)
             ... on level 3 of the Dungeon.
             The game lasted 00:02:03 (1722 turns).

SigmundSlayer the Chopper (Demonspawn Berserker)    Turns: 1722, Time: 00:02:04

Health: 0/35       AC:  7    Str: 20    XL:     4   Next: 47%
Magic:  4/4        EV: 11    Int:  9    God:    Trog [*.....]
Gold:   95         SH:  0    Dex: 12    Spells: 3/3 levels left

rFire   . . .        a - +0 hand axe
rCold   . . .        (no shield)
rNeg    + . .        c - +0 ring mail
rPois   .            h - +0 helmet
rElec   .            (no cloak)
rCorr   .            n - +0 pair of gloves
SInv    .            (no boots)
Will    .....        (no amulet)
Stlth   +            e - ring of positive energy
HPRegen 0.25/turn    (no ring)
MPRegen 0.09/turn

%: no passive effects
@: mighty, on berserk cooldown, slowed, very slow
A: big brain 1, demonic magic 1, evolution 1
a: Renounce Religion, Berserk


You were on level 3 of the Dungeon.
You worshipped Trog.
Trog was aware of your devotion.
You visited 1 branch of the dungeon, and saw 3 of its levels.

You collected 95 gold pieces.

Inventory:

Hand Weapons
 a - a +0 hand axe (weapon)
Armour
 c - a +0 ring mail (worn)
 h - a +0 helmet (worn)
 n - a +0 pair of gloves (worn)
Magical Staves
 g - a staff of conjuration
Jewellery
 e - a ring of positive energy (left hand)
Scrolls
 b - a scroll of revelation {unknown}
 d - a scroll of enchant weapon {unknown}
 m - a scroll of poison {unknown}
 p - a scroll of fog {unknown}
 q - a scroll of blinking {unknown}
Potions
 i - a potion of berserk rage
 o - a potion of enlightenment {unknown}


   Skills:
 - Level 3.0 Fighting
 + Level 4.8 Axes
 - Level 1.7 Armour
 - Level 1.7 Dodging


You had 3 spell levels left.
You didn't know any spells.
Your spell library was empty.

Dungeon Overview and Level Annotations

Branches:
Dungeon (3/15)

Altars:
Ru

Annotations:
D:3 Grinder


Innate Abilities, Weirdness & Mutations

You have an unusually large brain. (Int +2)
Spells you cast may paralyse adjacent enemies.
You have hidden genetic potential.


Message History

Grinder gestures at you. Pain shoots through your body! Grinder hits you!
You writhe in agony.
You hit Grinder.
Grinder is lightly wounded.
Grinder barely misses you. Grinder gestures at you.
You suddenly lose the ability to move!
Grinder hits you.
You writhe in agony.
Grinder completely misses you. Grinder barely misses you.
You can move again.
You slash Grinder!
Grinder is moderately wounded.
Grinder gestures at you. Pain shoots through your body!
Grinder gestures at you. You resist with significant effort.
You barely miss Grinder.
Grinder is moderately wounded.
Grinder barely misses you.
Unknown command.
You hit Grinder.
Grinder is moderately wounded.
Grinder says, "Wait up."
Grinder gestures at you.
You suddenly lose the ability to move!
Grinder hits you.
You writhe in agony.
* * * LOW HITPOINT WARNING * * *
Grinder hits you.
* * * LOW HITPOINT WARNING * * *
You writhe in agony.
* * * LOW HITPOINT WARNING * * *
You can move again.
It was a potion of might.
You feel very mighty all of a sudden. Grinder hits you.
* * * LOW HITPOINT WARNING * * *
You writhe in agony.
You die...
Grinder sighs, "Dead already?
I want a refund."

. .## #.#..#
#.##.# #.##.# #
#.##.# ###
#.#.##.#
....#.#.##@#
........##5#
...[.......#####
.##..$.....[..<#
#.#.##########
#... #.# #. #


You could see Grinder.

Vanquished Creatures
  Terence (D:3)
  3 gnolls (D:2)
  2 adders (D:2)
  A dart slug (D:1)
  A ribbon worm (D:2)
  An orc (D:3)
  An endoplasm (D:1)
  A giant cockroach (D:2)
  3 goblins
  4 hobgoblins (D:1)
  5 bats
  4 frilled lizards
  2 kobolds
  3 rats
32 creatures vanquished.

Notes
Turn   | Place    | Note
-------+----------+-------------------------------------------
     0 | D:1      | SigmundSlayer the Demonspawn Berserker began the quest for
                  | the Orb.
     0 | D:1      | Reached XP level 1. HP: 18/18 MP: 1/1
   117 | D:1      | Reached skill level 3 in Axes
   387 | D:1      | Gained mutation: Spells you cast may paralyse adjacent
                  | enemies. [demonic ancestry]
   387 | D:1      | Reached XP level 2. HP: 24/24 MP: 2/2
   605 | D:1      | Found a faded altar of an unknown god.
   836 | D:2      | Found a sacrificial altar of Ru.
   899 | D:2      | Reached XP level 3. HP: 29/29 MP: 3/3
  1095 | D:2      | Reached skill level 4 in Axes
  1265 | D:2      | Gained mutation: You have an unusually large brain. (Int
                  | +2) [demonic ancestry]
  1265 | D:2      | Reached XP level 4. HP: 10/35 MP: 4/4
  1540 | D:2      | Gained mutation: You are clumsy. (Dex -2) [potion of
                  | mutation]
  1541 | D:2      | Lost mutation: You are clumsy. (Dex -2) [potion of
                  | mutation]
  1541 | D:2      | Gained mutation: You have hidden genetic potential. [potion
                  | of mutation]
  1580 | D:3      | Noticed Terence
  1583 | D:3      | Noticed Grinder
  1597 | D:3      | Killed Terence
  1714 | D:3      | Paralysed by Grinder for 4 turns
  1720 | D:3      | Paralysed by Grinder for 2 turns
  1722 | D:3      | HP: 1/35 [Grinder (3)]
  1722 | D:3      | Slain by Grinder

Illustrated notes

Levels and vault maps discovered:
D:1:      lightli_arrival_lavapool, layout_basic, ebering_ecumenical_altar_webs
D:2:      layout_loops_ring, basic_altar
D:3:      minmay_razor_zed, layout_basic,
          nicolae_uskayaw_murder_on_the_dancefloor, serial_bayou_lake_a,
          uniq_grinder, uniq_terence

Skill      XL: |  1  2  3 |
---------------+----------+-----
Axes           | 3 4 |  4.8
Fighting       | |  3.0
Armour         | |  1.7
Dodging        | |  1.7

Action                     |  1- 3 |  4- 6 || total
---------------------------+-------+-------++-------
  Melee: Hand axe          |   103 |    33 ||   136
         Punch             |     3 |       ||     3
 Invoke: Berserk           |     1 |     2 ||     3
    Use: Scroll            |       |     3 ||     3
         Potion            |       |     3 ||     3
 Armour: Ring mail         |    64 |    23 ||    87
         Animal skin       |     2 |       ||     2
  Dodge: Dodged            |    70 |    20 ||    90
